 Dungeon Crawl Stone Soup version 0.31.0-9-g3a7656b989 (webtiles) character file.

Game seed: 16579269395705700728

1705 qw the Nimble (level 8, -4/40 HPs)
             Began as a Spriggan Hunter on Feb 2, 2024.
             Was an Initiate of Okawaru.
             Killed from afar by a white imp (11 damage)
             ... with a puff of frost
             ... on level 7 of the Dungeon.
             The game lasted 00:00:22 (4648 turns).

qw the Nimble (Spriggan Hunter)                     Turns: 4648, Time: 00:00:23

Health: -4/40      AC:  2    Str:  7    XL:     8   Next: 73%
Magic:  9/9        EV: 25    Int: 10    God:    Okawaru [......]
Gold:   277        SH:  0    Dex: 21    Spells: 7/7 levels left

rFire   . . .        b - +0 orcbow (heavy)
rCold   . . .        (shield currently unavailable)
rNeg    . . .        c - +0 robe
rPois   .            (helmet restricted)
rElec   .            (no cloak)
rCorr   .            (gloves unavailable)
SInv    +            (boots unavailable)
Will    +....        f - amulet of regeneration
Stlth   ++           (no ring)
HPRegen 1.06/turn    (no ring)
MPRegen 0.11/turn

%: no passive effects
@: very quick
A: very small, no large weapons, unfitting armour, see invisible, speed 3
a: Renounce Religion


You were on level 7 of the Dungeon.
You worshipped Okawaru.
Okawaru was noncommittal.
You visited 2 branches of the dungeon, and saw 8 of its levels.
You also visited: Sewer.

You collected 277 gold pieces.


Innate Abilities, Weirdness & Mutations

You are very small and have problems with some larger weapons.
You are too small for most types of armour.
You have supernaturally acute eyesight. (SInv)
You cover ground extremely quickly. (Speed+++)


   Skills:
 - Level 3.2 Fighting
 + Level 9.2 Ranged Weapons
 - Level 9.2 Dodging
 - Level 1.5 Stealth


You had 7 spell levels left.
You didn't know any spells.
Your spell library was empty.

Inventory:

Hand Weapons
 b - a +0 heavy orcbow (weapon)
Armour
 c - a +0 robe (worn)
Jewellery
 f - an amulet of regeneration (around neck)
Wands
 h - a wand of roots (10)
Scrolls
 g - 3 scrolls of enchant armour
 i - 11 scrolls of teleportation
Potions
 a - 2 potions of haste
 d - 4 potions of cancellation
 e - a potion of might
 j - a potion of resistance {unknown}
 k - 2 potions of curing
 l - a potion of mutation {unknown}

Dungeon Overview and Level Annotations

Branches:
Dungeon (7/15)             Temple (1/1) D:6           Sewer (visited)

Altars:
Cheibriados
Dithmenos
Elyvilon
Fedhas
Hepliaklqana
Makhleb
Nemelex Xobeh
Okawaru
Qazlal
Ru
Sif Muna
Trog
Uskayaw
Vehumet
Wu Jian
Yredelemnul


Message History

You kill the gnoll!
Okawaru accepts your kill.
You hear an angry buzzing noise. 2 killer bees come into view.
You shoot an arrow. The arrow barely misses the killer bee.
The killer bee buzzes angrily.
A white imp comes into view.
A killer bee comes into view.
4642 ||| RETREEEEATING.
You shoot an arrow. The white imp shouts!
The arrow hits the killer bee!
The killer bee is almost dead.
You hear a shout!
You hear an angry buzzing noise. x2
A gnoll bouda comes into view. It is wielding a +0 whip.
The killer bee misses you.
4644 ||| RETREEEEATING.
You shoot an arrow. The arrow hits the killer bee.
You kill the killer bee!
Okawaru accepts your kill. The white imp gestures at you.
The puff of frost hits you. The killer bee closely misses you.
You shoot an arrow.
The arrow completely misses the killer bee.
The killer bee barely misses you.
The killer bee completely misses you. x2
You shoot an arrow. The arrow hits the killer bee!
The killer bee is severely wounded.
The killer bee misses you.
A killer bee comes into view.
The killer bee completely misses you. The white imp gestures at you.
The puff of frost hits you! The killer bee misses you.
The killer bee moves out of view.
You shoot an arrow.
The arrow closely misses the killer bee.
The killer bee stings you. The killer bee completely misses you.
The white imp gestures at you. The puff of frost hits you!
The killer bee stings you. The white imp gestures at you.
The puff of frost hits you!
You die...

#............##.#
#......)........####
#...............#...
#.................###..
##.....................
##.............#.....y
####..............#..
#..........#......
#.......@y.#.y....
#######......y..##
#.....5......#
...........>....
#######..$......
#######)## #


You could see 2 killer bees and a white imp.

Vanquished Creatures
  Grinder (D:5)
  Sigmund (D:2)
  A water moccasin (D:6)
  A black bear (D:6)
  A centaur (D:6)
  A kobold brigand (D:6)
  2 brain worms (Sewer)
  2 bullfrogs (D:6)
  2 scorpions
  A killer bee (D:7)
  A howler monkey (D:6)
  2 bombardier beetles (D:5)
  2 hounds
  A jelly (D:5)
  An orc priest (D:5)
  A mummy (D:6)
  7 gnolls
  6 river rats
  13 adders
  A ribbon worm (D:2)
  3 dart slugs
  8 orcs
  7 endoplasms
  5 giant cockroaches
  6 goblins
  6 hobgoblins
  2 jackals (D:2)
  8 quokkas
  10 ball pythons
  2 bats
  9 frilled lizards
  A hobgoblin zombie (D:6)
  13 kobolds
  A kobold zombie (D:6)
  2 orc zombies (D:6)
  17 rats
148 creatures vanquished.

Notes
Turn   | Place    | Note
-------+----------+-------------------------------------------
     0 | D:1      | qw the Spriggan Hunter began the quest for the Orb.
     0 | D:1      | Reached XP level 1. HP: 10/10 MP: 2/2
     0 | D:1      | 0 ||| qw: Version: 0.3-a-155-g5e7d8dd
     0 | D:1      | 0 ||| qw: Game counter: 144
     0 | D:1      | 0 ||| qw: Melee chars always use a shield: true
     0 | D:1      | 0 ||| qw: God list: Okawaru
     0 | D:1      | 0 ||| qw: Allow faded altars: false
     0 | D:1      | 0 ||| qw: Do Orc after clearing Dungeon:15 true
     0 | D:1      | 0 ||| qw: Do second Lair branch before Depths: true
     0 | D:1      | 0 ||| qw: Lair rune preference: random
     0 | D:1      | 0 ||| qw: Goals: Normal
     0 | D:1      | 0 ||| PLANNING D:1-11
   134 | D:1      | Reached skill level 3 in Dodging
   316 | D:1      | Reached XP level 2. HP: 14/14 MP: 3/3
   535 | D:1      | 535 ||| READING scroll labelled GUATIUSHEYTO.
   536 | D:1      | 536 ||| READING scroll labelled KETACV IDGHOM.
   536 | D:1      | 536 ||| IDENTIFYING pink potion
   537 | D:1      | 537 ||| READING scroll labelled MILUKL ZIBRE.
   537 | D:1      | 537 ||| BRANDING +0 shortbow.
   538 | D:1      | 538 ||| DROPPING scroll of butterflies.
   553 | D:2      | Noticed Sigmund
   556 | D:2      | 556 ||| STAIRDANCE
   590 | D:2      | 590 ||| STAIRDANCE
   606 | D:2      | 606 ||| STAIRDANCE
   608 | D:2      | 608 ||| STAIRDANCE
   613 | D:2      | 613 ||| STAIRDANCE
   664 | D:2      | 664 ||| STAIRDANCE
   696 | D:2      | Killed Sigmund
   697 | D:2      | Reached XP level 3. HP: 18/18 MP: 4/4
   697 | D:2      | Reached XP level 4. HP: 22/22 MP: 5/5
   697 | D:2      | Reached XP level 5. HP: 25/25 MP: 6/6
  1650 | D:2      | 1650 ||| READING scroll of identify.
  1650 | D:2      | 1650 ||| IDENTIFYING fizzy clear potion
  1651 | D:2      | 1651 ||| READING scroll labelled RAOSCH TEELOOKH.
  1652 | D:2      | 1652 ||| READING scroll labelled YDAWUN PIOHI.
  1653 | D:2      | 1653 ||| READING 6 scrolls labelled YGA PEMMUTEWET.
  1658 | D:2      | 1658 ||| READING scroll labelled KITZEZXA POACUN.
  1658 | D:2      | 1658 ||| ENCHANTING +0 shortbow of flaming.
  1659 | D:2      | 1659 ||| DROPPING potion of brilliance.
  1703 | D:3      | Reached XP level 6. HP: 29/30 MP: 7/7
  2126 | D:3      | Found a white marble altar of Elyvilon.
  2133 | D:3      | Found a faded altar of an unknown god.
  2197 | D:3      | Found a burning altar of Makhleb.
  2197 | D:3      | Noticed an Executioner
  2318 | D:3      | 2318 ||| DROPPING ring of flight.
  2319 | D:3      | 2319 ||| DRINKING 2 lumpy green potions.
  2394 | D:4      | Found a hide-covered altar of Uskayaw.
  2564 | D:4      | Found a hazy altar of Hepliaklqana.
  2728 | D:4      | Found a sparkling altar of Nemelex Xobeh.
  2837 | D:4      | 2837 ||| UPGRADING to amulet of regeneration.
  2842 | D:4      | 2842 ||| READING scroll of identify.
  2842 | D:4      | 2842 ||| IDENTIFYING viscous puce potion
  2843 | D:4      | 2843 ||| READING scroll labelled TOVIGY GIULIV.
  2844 | D:4      | 2844 ||| DROPPING potion of lignification.
  2872 | D:5      | Entered Level 5 of the Dungeon
  2939 | D:5      | Reached skill level 6 in Ranged Weapons
  3069 | D:5      | Reached XP level 7. HP: 35/35 MP: 8/8
  3233 | D:5      | Noticed Grinder
  3250 | D:5      | Paralysed by Grinder for 3 turns
  3254 | D:5      | Killed Grinder
  3544 | D:5      | 3544 ||| READING scroll of identify.
  3544 | D:5      | 3544 ||| IDENTIFYING red potion
  3545 | D:5      | 3545 ||| DROPPING potion of attraction.
  3563 | D:6      | 3563 ||| PLANNING SEWER
  3609 | D:6      | 3609 ||| SWAPPING to +0 orcbow.
  3610 | D:6      | 3610 ||| DROPPING +0 shortbow of flaming.
  3733 | D:6      | Reached XP level 8. HP: 39/39 MP: 9/9
  3889 | D:6      | Found a staircase to the Ecumenical Temple.
  3923 | D:6      | 3923 ||| DRINKING 3 golden potions.
  3937 | D:6      | Found a radiant altar of Vehumet.
  3945 | D:6      | Found a glowing drain.
  3953 | Sewer    | Entered a sewer
  4049 | Sewer    | 4049 ||| READING scroll of brand weapon.
  4049 | Sewer    | 4049 ||| BRANDING +0 orcbow.
  4084 | Sewer    | Reached skill level 3 in Fighting
  4296 | Sewer    | 4296 ||| READING scroll labelled LUISAH FUOJOON.
  4300 | D:6      | 4300 ||| PLANNING TEMPLE
  4314 | Temple   | Entered the Ecumenical Temple
  4315 | Temple   | 4315 ||| PLANNING D:1-11
  4341 | D:6      | Found a bloodstained altar of Trog.
  4375 | D:6      | Found a blossoming altar of Fedhas.
  4438 | D:6      | Reached skill level 9 in Ranged Weapons
  4458 | D:6      | Found an iron altar of Okawaru.
  4459 | D:6      | 4459 ||| PLANNING OKAWARU WORSHIP
  4519 | D:6      | Became a worshipper of Warmaster Okawaru
  4520 | D:6      | 4520 ||| PLANNING D:1-11
  4542 | D:6      | 4542 ||| READING scroll of identify.
  4542 | D:6      | 4542 ||| IDENTIFYING emerald potion
  4579 | D:7      | 4579 ||| STAIRDANCE
  4583 | D:6      | Reached skill level 9 in Dodging
  4589 | D:7      | 4589 ||| STAIRDANCE
  4642 | D:7      | 4642 ||| RETREEEEATING.
  4644 | D:7      | 4644 ||| RETREEEEATING.
  4648 | D:7      | HP: 9/40 [white imp/puff of frost (10)]
  4648 | D:7      | Killed from afar by a white imp

Levels and vault maps discovered:
D:1:      scummos_arrival_forest, layout_basic, minmay_misc_feat_columns
D:2:      wad_river_or_something, layout_loops_corners, uniq_sigmund
D:3:      layout_loops_ring, makhleb_altar_promises_db, lemuel_crystal_altar,
          ebering_ecumenical_altar_rust
D:4:      layout_cave_pools, nicolae_uskayaw_murder_on_the_dancefloor,
          mainiacjoe_overflow_small_starburst, nemelex_dance_club_becter,
          hangedman_decor_push
D:5:      layout_basic, uniq_grinder
D:6:      hellmonk_ruined_rings, layout_cave_pools, kennysheep_mini_moat,
          nicolae_overflow_crystal_walls, lemuel_tele_altar,
          mainiacjoe_overflow_concentric_impassable,
          minmay_temple_entry_stoned_glass, portal_sewer_entry_b,
          eino_curves_04, minmay_mini_ossuary
D:7:      layout_rooms, mainiacjoe_overflow_tiny_flanked, uniq_maggie,
          uniq_crazy_yiuf_cottage
Temple:   nicolae_temple_ecumenical_triangle

Skill      XL: |  1  2  3  4  5  6  7  8 |
---------------+-------------------------+-----
Dodging        | 3 7 8 9 |  9.2
Ranged Weapons | 5 6 8 9 |  9.2
Fighting       | 2 3 |  3.2
Stealth        | |  1.5

Action                     |  1- 3 |  4- 6 |  7- 9 || total
---------------------------+-------+-------+-------++-------
   Fire: Shortbow          |    28 |   222 |    51 ||   301
         Orcbow            |       |       |   131 ||   131
    Use: Scroll            |     3 |     7 |     4 ||    14
         Potion            |       |     1 |     1 ||     2
 Armour: Robe              |     5 |    26 |    34 ||    65
  Dodge: Dodged            |     8 |    95 |    93 ||   196

Table legend:
 A = Non-vault XP
 B = Vault XP
 C = Vault XP percentage of total XP
 D = Non-vault monster count
 E = Vault monster count
 F = Vault count percentage of total count
                 A         B        C        D         E       F
            +---------+---------+-------+---------+---------+-------
      Total |    1534 |     903 |  37.1 |      98 |      50 |  33.8
            +---------+---------+-------+---------+---------+-------
        D:1 |      14 |       0 |   0.0 |      10 |       0 |   0.0
        D:2 |     115 |     237 |  67.3 |      22 |      10 |  31.2
        D:3 |      62 |       0 |   0.0 |      19 |       0 |   0.0
        D:4 |      84 |       5 |   5.6 |      17 |       2 |  10.5
        D:5 |     355 |     290 |  45.0 |      12 |       1 |   7.7
        D:6 |     828 |      66 |   7.4 |      14 |      12 |  46.2
        D:7 |      76 |       0 |   0.0 |       4 |       0 |   0.0
      Sewer |       0 |     305 | 100.0 |       0 |      25 | 100.0
            +---------+---------+-------+---------+---------+-------
